Map: [ESL] Hard Lead

Players

Mixu - Winner!

  • Race: Zerg Zerg
  • League: Grandmaster
  • Spawn Location: 11:00

trigger

  • Race: Protoss Protoss
  • League: Grandmaster
  • Spawn Location: 5:00

Event: HomeStory Cup XXIV

VOD

Have the link to the VOD?

Description

Time

  • Played on: Dec. 2, 2023, 2:22 p.m.
  • Length: 9:58

All games in this series

Show
View Real Time Build Order
Export as new Build Order

Mixu Zerg - Winner!

Build Orders: Hatch First 

Get SALT Encoding   

  12  0:00  Drone  
  13  0:12  Overlord  
  13  0:16  Drone  
  14  0:30  Drone x2  
  16  0:47  Hatchery  
  15  0:51  Drone  
  15  0:55  Drone  
  17  0:58  Drone  
  18  1:09  Extractor  
  17  1:13  Spawning Pool  
  17  1:16  Drone  
  17  1:19  Drone  
  18  1:28  Drone  
  20  1:40  Drone  
  20  1:50  Overlord  
  20  2:00  Queen  
  22  2:01  Queen  
  22  2:02  Zergling x2, Drone  
  26  2:10  Zergling x2  
  26  2:12  Drone  
  26  2:13  Metabolic Boost  
  28  2:21  Drone  
  29  2:23  Drone  
  30  2:37  Hatchery  
  30  2:41  Drone  
  30  2:42  Overlord  
  30  2:46  Drone  
  30  2:49  Drone  
  32  2:53  Queen  
  32  2:56  Drone  
  35  3:01  Drone  
  36  3:08  Queen  
  36  3:10  Overlord  
  36  3:12  Drone  
  39  3:14  Drone  
  39  3:15  Zergling x2  
  39  3:17  Zergling x2  
  42  3:24  Drone x2  
  41  3:29  Queen  
  43  3:34  Drone  
  43  3:36  Drone x2  
  43  3:37  Drone  
  43  3:39  Drone  
  48  3:47  Overlord  
  48  3:48  Drone x2  
  50  3:50  Spore Crawler  
  50  3:54  Drone  
  50  3:57  Drone  
  50  4:02  Drone x4  
  54  4:05  Spore Crawler  
  54  4:07  Drone x2  
  55  4:13  Drone  
  55  4:14  Drone x2  
  56  4:22  Queen  
  56  4:23  Overlord  
  58  4:26  Evolution Chamber  
  58  4:27  Drone  
  58  4:31  Drone x2  
  60  4:35  Overlord  
  60  4:39  Drone  
  59  4:52  Extractor  
  59  4:55  Drone x7  
  59  4:59  Zerg Missile Weapons Level 1, Extractor  
  64  5:03  Drone x3  
  66  5:09  Hatchery  
  66  5:11  Drone  
  66  5:17  Lair  
  66  5:21  Roach Warren  
  65  5:22  Drone x2, Extractor  
  65  5:25  Drone  
  65  5:26  Extractor  
  65  5:27  Drone x2  
  68  5:28  Zergling x2  
  68  5:32  Zergling x8  
  73  5:36  Overlord  
  73  5:39  Drone x2  
  73  5:41  Drone  
  74  5:44  Drone x4  
  74  5:47  Extractor, Overlord  
  77  5:53  Spore Crawler  
  77  5:57  Extractor  
  74  5:58  Drone x3  
  74  6:00  Overlord  
  74  6:04  Drone x2  
  79  6:05  Drone  
  79  6:08  Drone x3  
  79  6:11  Drone  
  84  6:13  Extractor  
  84  6:16  Spore Crawler  
  84  6:17  Drone x3  
  85  6:21  Glial Reconstitution  
  85  6:22  Overlord  
  85  6:23  Roach x2  
  89  6:32  Roach x7  
  102  6:33  Spore Crawler  
  102  6:38  Roach  
  103  6:42  Roach  
  103  6:43  Roach x3  
  103  6:45  Pneumatized Carapace  
  111  6:48  Overlord  
  111  6:51  Overlord  
  111  6:57  Overseer  
  111  7:02  Overlord x3  
  111  7:06  Queen  
  111  7:08  Roach x3  
  118  7:12  Roach x5  
  128  7:16  Overlord x2  
  128  7:21  Roach x3, Ravager  
  134  7:26  Roach x2  
  138  7:30  Roach x3  
  144  7:39  Roach x6  
  146  7:45  Roach x3  
  146  7:48  Roach x2  
  140  7:53  Roach x3  
  141  7:59  Roach x3  
  141  8:04  Roach x3  
  152  8:06  Roach  
  152  8:07  Roach  
  155  8:15  Roach x5  
  165  8:22  Roach  
  165  8:23  Overlord x3  
  167  8:41  Roach x4  
  167  8:42  Roach x5  
  167  8:46  Overlord  
  179  8:54  Roach x5  
  183  8:58  Roach x2, Ravager x3  
  183  8:59  Ravager  
  191  9:09  Roach x5  
  191  9:19  Roach x4  
  193  9:28  Roach x4  
  193  9:29  Ravager  
Show
View Real Time Build Order
Export as new Build Order

trigger Protoss 

Build Orders: 1 Gate Expand, Double Forge, Oracle Opening, Zealot Archon 

Get SALT Encoding   

  12  0:00  Probe  
  13  0:12  Probe  
  14  0:19  Pylon  
  14  0:24  Probe  
  15  0:38  Probe (Chrono Boost)  
  15  0:40  Gateway  
  16  0:46  Probe (Chrono Boost)  
  16  0:49  Assimilator  
  17  0:52  Probe  
  18  1:04  Probe  
  19  1:16  Probe  
  20  1:25  Nexus  
  20  1:34  Cybernetics Core  
  20  1:38  Probe  
  21  1:43  Assimilator  
  21  1:50  Probe  
  21  1:53  Pylon  
  22  2:02  Probe (Chrono Boost)  
  22  2:08  Adept (Chrono Boost)  
  23  2:15  Probe (Chrono Boost)  
  26  2:22  Probe (Chrono Boost)  
  27  2:25  Stargate  
  27  2:29  Probe  
  27  2:31  Adept  
  27  2:36  Warp Gate  
  30  2:38  Probe  
  30  2:41  Probe  
  32  2:50  Probe  
  33  2:53  Probe  
  34  3:02  Probe  
  34  3:05  Oracle (Chrono Boost), Probe  
  36  3:11  Pylon  
  36  3:12  Adept  
  41  3:14  Probe  
  41  3:17  Probe  
  43  3:27  Probe  
  44  3:29  Probe  
  44  3:33  Gateway, Oracle (Chrono Boost)  
  48  3:41  Probe  
  48  3:42  Probe  
  48  3:47  Nexus  
  50  3:52  Pylon  
  50  3:53  Probe  
  50  3:55  Probe  
  48  4:05  Probe  
  48  4:07  Probe  
  49  4:18  Probe (Chrono Boost)  
  49  4:19  Probe (Chrono Boost)  
  50  4:30  Twilight Council, Probe (Chrono Boost)  
  50  4:31  Probe (Chrono Boost)  
  52  4:36  Pylon  
  52  4:37  Probe (Chrono Boost)  
  52  4:38  Probe (Chrono Boost)  
  54  4:44  Probe  
  54  4:45  Probe  
  55  4:48  Forge  
  55  4:49  Forge  
  56  4:55  Assimilator  
  56  4:56  Probe (Chrono Boost)  
  56  4:59  Probe (Chrono Boost)  
  58  5:03  Probe (Chrono Boost)  
  59  5:07  Assimilator, Shield Battery  
  59  5:08  Probe (Chrono Boost), Charge  
  61  5:16  Probe x2 (Chrono Boost)  
  61  5:17  Probe (Chrono Boost)  
  61  5:20  Protoss Ground Weapons Level 1  
  63  5:21  Protoss Ground Armor Level 1  
  63  5:23  Probe  
  63  5:24  Gateway  
  63  5:26  Gateway, Probe x2  
  66  5:37  Probe (Chrono Boost)  
  66  5:41  Stalker x2  
  72  5:43  Probe (Chrono Boost)  
  72  5:47  Probe (Chrono Boost)  
  74  5:53  Probe (Chrono Boost)  
  74  5:55  Probe (Chrono Boost)  
  72  5:57  Probe (Chrono Boost)  
  72  5:59  Gateway x2  
  72  6:00  Probe  
  72  6:03  Probe  
  74  6:04  Templar Archives  
  74  6:06  Probe  
  74  6:07  Assimilator, Pylon  
  74  6:09  Assimilator  
  75  6:12  Probe  
  75  6:14  Pylon  
  75  6:16  Gateway  
  75  6:17  Gateway  
  75  6:18  Probe  
  77  6:19  Probe  
  77  6:22  Shield Battery  
  77  6:23  Pylon  
  77  6:24  Zealot  
  80  6:28  Probe  
  81  6:40  Pylon  
  81  6:42  Robotics Facility, High Templar x2, Zealot, Pylon  
  81  6:46  Archon  
  87  6:53  High Templar  
  87  6:54  High Templar  
  91  6:55  Zealot  
  91  6:59  Archon  
  93  7:04  Nexus, Pylon  
  93  7:05  Zealot  
  94  7:10  Probe  
  94  7:13  Zealot x2  
  94  7:14  Zealot x2  
  94  7:15  Zealot  
  105  7:16  Pylon  
  105  7:24  Probe x2  
  105  7:25  Protoss Ground Weapons Level 2, Protoss Ground Armor Level 2  
  105  7:26  Zealot x2  
  105  7:27  Zealot  
  113  7:30  Immortal (Chrono Boost)  
  115  7:43  Zealot x5  
  119  7:46  Probe  
  119  7:51  Probe  
  97  7:59  High Templar x2, Zealot  
  97  8:01  Shield Battery  
  97  8:02  Immortal (Chrono Boost)  
  97  8:04  Archon  
  105  8:05  Zealot x2  
  105  8:06  Zealot x2  
  105  8:08  Zealot  
  113  8:16  Shield Battery  
  113  8:24  Gateway, Shield Battery  
  113  8:26  High Templar x4, Shield Battery  
  121  8:27  Zealot  
  121  8:32  Zealot x3, Archon x2  
  129  8:44  Immortal (Chrono Boost)  
  133  8:50  Pylon  
  133  8:52  Pylon  
  133  8:54  Pylon  
  133  8:55  Shield Battery  
  125  8:56  Shield Battery, Pylon  
  125  9:00  Zealot  
  125  9:01  Zealot  
  125  9:03  High Templar x2  
  125  9:07  Zealot x3, Archon  
  125  9:18  Zealot  
  117  9:25  Zealot  
  117  9:26  Zealot  
  117  9:28  High Templar x2  
  117  9:29  Zealot  
  123  9:32  Archon  
  100  9:44  Stalker x3  
  100  9:46  Stalker x2  
  100  9:50  Zealot x2  
Tags
 
Add a new tag
Caveats
  • Supply blocks, unpowered buildings, or Contaminate may cause inaccurate times.
  • Supply counts are checked every 10 seconds.